 Dungeon Crawl Stone Soup version 0.30-a0-358-g0d69a1922f (webtiles) character file.

Game seed: 13118432531504995416

627 jlumianski the Trooper (level 7, -2/55 HPs)
             Began as a Demonspawn Fighter on Nov 8, 2022.
             Was an Initiate of Qazlal.
             Slain by an orc warrior
             ... wielding a +0 war axe
              (11 damage)
             ... on level 5 of the Dungeon.
             The game lasted 00:19:39 (4424 turns).

jlumianski the Trooper (Demonspawn Fighter)         Turns: 4424, Time: 00:19:39

Health: -2/55      AC: 11    Str: 24    XL:     7   Next: 23%
Magic:  8/8        EV:  6    Int: 10    God:    Qazlal [......]
Gold:   239        SH: 12    Dex: 12    Spells: 6/6 levels left

rFire   . . .      SeeInvis .    a - +1 war axe (elec)
rCold   . . .      Faith    .    d - +0 tower shield
rNeg    . . .      Spirit   .    b - +0 scale mail
rPois   +          Reflect  .    (helmet restricted)
rElec   .          Harm     .    (no cloak)
rCorr   .          Rampage  .    (no gloves)
Will    .....                    m - +1 pair of boots
Stlth   ..........               (no amulet)
HPRegen 0.29/turn                k - ring of poison resistance
MPRegen 0.11/turn                t - +6 ring of strength

@: no status effects
A: horns 1, icy blue scales 1, powered by pain 1
a: Renounce Religion


You were on level 5 of the Dungeon.
You worshipped Qazlal.
Qazlal was noncommittal.
You visited 2 branches of the dungeon, and saw 7 of its levels.

You collected 239 gold pieces.

Inventory:

Hand Weapons
 a - a +1 war axe of electrocution (weapon)
 q - a +1 vorpal trident
 y - the +4 falchion "Yrick" {freeze, rC+ Int+5}
   (You found it on level 5 of the Dungeon)

   It freezes those it strikes, dealing additional cold damage.
   It can also slow down cold-blooded creatures.
   Int:       It affects your intelligence (+5).
   rC:        It protects you from cold.
Missiles
 p - 4 javelins (quivered)
 F - a throwing net
Armour
 b - a +0 scale mail (worn)
 c - a +0 buckler
 d - a +0 tower shield (worn)
 m - a +1 pair of boots (worn)
Magical Staves
 D - a staff of air
Jewellery
 g - a ring of magical power
 k - a ring of poison resistance (left hand)
 t - a +6 ring of strength (right hand)
 B - a ring of magical power
Wands
 x - a wand of polymorph (11)
Scrolls
 e - 2 scrolls of summoning
 f - a scroll of teleportation
 j - a scroll of blinking
 w - a scroll of poison
 z - a scroll of butterflies
 G - a scroll of amnesia
Potions
 h - a potion of haste
 i - a potion of flight
 l - 2 potions of heal wounds
 n - 2 potions of ambrosia
 o - a potion of mutation
 r - a potion of berserk rage
 u - a potion of invisibility {unknown}
 v - a potion of magic {unknown}
 A - a potion of curing


   Skills:
 * Level 4.7 Fighting
 + Level 3.9 Axes
 + Level 0.8 Throwing
 * Level 3.9 Armour
 + Level 1.7 Dodging
 - Level 0.6 Stealth
 + Level 4.1 Shields
 * Level 1.5 Invocations
 * Level 0.3 Evocations


You had 6 spell levels left.
You didn't know any spells.
Your spell library contained the following spells:

 Spells                   Type           Power      Damage    Failure   Level
 Cigotuvi's Dreadful Rot  Necr/Pois/Air  0%         N/A       100%        2
 Ensorcelled Hibernation  Hex/Ice        0%         N/A       100%        2
 Passwall                 Tmut/Erth      0%         N/A       100%        2
 Swiftness                Air            0%         N/A       100%        3
 Tukima's Dance           Hex            0%         N/A       100%        3
 Dispel Undead            Necr           0%         3d6       100%        4
 Passage of Golubria      Tloc           0%         N/A       100%        4
 Yara's Violent Unravell  Hex/Tmut       0%         3d3       100%        5
 Death Channel            Necr           0%         N/A       100%        6


Dungeon Overview and Level Annotations

Branches:
Dungeon (6/15)             Temple (1/1) D:5

Altars:
Ashenzari
Dithmenos
Fedhas
Kikubaaqudgha
Makhleb
Nemelex Xobeh
Okawaru
Qazlal
Ru
Sif Muna
Trog
Uskayaw
Vehumet
Wu Jian
Xom
Yredelemnul


Innate Abilities, Weirdness & Mutations

You have a pair of small horns on your head.
You are partially covered in icy blue scales. (AC +2)
You sometimes gain a little power by taking damage.


Message History

You closely miss the orc warrior.
You headbutt the orc warrior, but do no damage.
You block the orc warrior's attack.
You barely miss the orc warrior. You headbutt the orc warrior.
The orc warrior is lightly wounded.
You block the orc warrior's attack. x2
You hit the orc warrior.
The orc warrior is lightly wounded.
The orc warrior hits you but does no damage.
The orc warrior completely misses you.
You completely miss the orc warrior.
The orc warrior is lightly wounded.
You block the orc warrior's attack.
You closely miss the orc warrior.
You headbutt the orc warrior, but do no damage.
The orc warrior is lightly wounded.
The orc warrior hits you but does no damage.
The orc warrior hits you with a +0 war axe!
You closely miss the orc warrior.
The orc warrior is lightly wounded.
You block the orc warrior's attack.
The orc warrior hits you with a +0 war axe!
You hit the orc warrior but do no damage.
The orc warrior is lightly wounded.
You block the orc warrior's attack.
You hit the orc warrior.
The orc warrior is moderately wounded.
The orc warrior barely misses you.
The orc warrior hits you with a +0 war axe.
You closely miss the orc warrior.
The orc warrior is moderately wounded.
The orc warrior hits you with a +0 war axe!
* * * LOW HITPOINT WARNING * * *
The orc warrior barely misses you.
You closely miss the orc warrior. Your headbutt misses the orc warrior.
The orc warrior is moderately wounded.
The orc warrior hits you with a +0 war axe.
* * * LOW HITPOINT WARNING * * *
The orc warrior hits you with a +0 war axe!
You die...

## ##.# ####.## # #.## ####......
#.# ####......... ##
##.#####............ .#
####...#............... ##
#......................
####...................
##................... ########
#..>@................ .......###
#..o.................
.........####....................
#####............................
##...#######.................
###..## ###.............##
####.....# #............###
#........# #...........##
...###...# ##...........#


You could see an orc warrior.

Vanquished Creatures
  An ogre (D:5)
  A phantom (D:3)
  Blork the orc (D:4)
  A necrophage (D:5)
  A scorpion (D:4)
  3 iguanas
  An orc wizard (D:3)
  4 gnolls (D:3)
  7 adders
  A white imp (D:5)
  A worm (D:2)
  2 dart slugs
  11 orcs
  6 endoplasms
  A giant cockroach (D:2)
  3 hobgoblins
  7 kobolds
  A quokka (D:3)
  2 ball pythons
  A bat (D:2)
  A frilled lizard (D:1)
  8 goblins
  2 rats
67 creatures vanquished.

Notes
Turn   | Place    | Note
-------+----------+-------------------------------------------
     0 | D:1      | jlumianski the Demonspawn Fighter began the quest for the
                  | Orb.
     0 | D:1      | Reached XP level 1. HP: 18/18 MP: 1/1
    84 | D:2      | Gained mutation: You have a pair of small horns on your
                  | head. [demonic ancestry]
    84 | D:2      | Reached XP level 2. HP: 24/24 MP: 2/2
   505 | D:1      | You fall into a shaft and drop 1 floor!
   935 | D:2      | Gained mutation: You are partially covered in icy blue
                  | scales. (AC +2) [demonic ancestry]
   935 | D:2      | Reached XP level 3. HP: 29/29 MP: 3/3
  1725 | D:3      | Reached XP level 4. HP: 28/35 MP: 4/4
  1812 | D:4      | Noticed a phantom
  1864 | D:3      | Killed a phantom
  1865 | D:3      | Gained mutation: You sometimes gain a little power by
                  | taking damage. [demonic ancestry]
  1865 | D:3      | Reached XP level 5. HP: 21/42 MP: 5/5
  2301 | D:4      | Noticed Blork the orc
  2307 | D:4      | Killed Blork the orc
  2308 | D:4      | Reached XP level 6. HP: 27/48 MP: 6/6
  2359 | D:5      | Entered Level 5 of the Dungeon
  2440 | D:5      | Reached skill level 1 in Dodging
  2464 | D:5      | Identified the +4 falchion "Yrick" {freeze, rC+ Int+5}
  2749 | D:4      | Found a radiant altar of Vehumet.
  2797 | D:5      | Found a staircase to the Ecumenical Temple.
  2807 | Temple   | Entered the Ecumenical Temple
  2968 | Temple   | Became a worshipper of Qazlal Stormbringer
  3014 | D:5      | Reached XP level 7. HP: 41/55 MP: 7/7
  4398 | D:6      | Reached skill level 1 in Invocations
  4424 | D:5      | Slain by an orc warrior

Illustrated notes

Levels and vault maps discovered:
D:1:      dpeg_arrival_fog, layout_loops_ring
D:2:      layout_loops_cross, minmay_misc_feat_five
D:3:      layout_rooms
D:4:      layout_loops_cross, mainiacjoe_overflow_tiny_flanked,
          uniq_blork_the_orc
D:5:      layout_layer_cave, minmay_temple_entry_waves
D:6:      kennysheep_six_static_rooms, layout_basic
Temple:   nicolae_temple_slightly_damp_pantheon

Skill      XL: |  1  2  3  4  5  6  7 |
---------------+----------------------+-----
Armour         | 3 |  3.9
Shields        | 3 4 |  4.1
Axes           | 2 3 |  3.9
Fighting       | 4 |  4.7
Dodging        | 1 |  1.7
Invocations    | 1 |  1.5
Throwing       | |  0.8
Stealth        | |  0.6
Evocations     | |  0.3

Action                   |  1- 3 |  4- 6 |  7- 9 || total
-------------------------+-------+-------+-------++-------
Melee: War axe           |    63 |   104 |    31 ||   198
       Headbutt          |     4 |    12 |     8 ||    24
Throw: Javelin           |     2 |    18 |     2 ||    22
  Use: Potion            |     1 |     2 |     1 ||     4
       Scroll            |     5 |     1 |    11 ||    17
Armor: Scale mail        |    25 |    65 |     8 ||    98
Dodge: Dodged            |    17 |    21 |     7 ||    45
Block: Tower shield      |    43 |   101 |    24 ||   168
       Buckler           |     2 |       |       ||     2

Table legend: (Time is in decaauts)
 A = Elapsed time spent in this place.
 B = Non-inter-level travel time spent in this place.
 C = Inter-level travel time spent in this place.
 D = Time resting spent in this place.
 E = Time spent auto-exploring this place.
 F = Levels seen in this place.
 G = Mean time per level.
                   A        B        C        D        E       F      G
               +--------+--------+--------+--------+--------+-----+--------+
         Total |   4594 |   4495 |     99 |     34 |   2721 |   7 |  656.3 |
       Dungeon |   4413 |   4314 |     99 |     34 |   2649 |   6 |  735.5 |
        Temple |    180 |    180 |      0 |      0 |     72 |   1 |  180.0 |
               +--------+--------+--------+--------+--------+-----+--------+

Top non-repeatable levels by time:
     D:5: 1181 daAuts
     D:2: 859 daAuts
     D:4: 852 daAuts
     D:3: 817 daAuts
     D:1: 658 daAuts
  Temple: 180 daAuts
     D:6: 44 daAuts
